 Dungeon Crawl Stone Soup version 0.23.2-30-g0e89c35649 (webtiles) character file.

Game seed: 11127880944453944793

33796 kaze the Severer (level 13, -35/129 HPs)
             Began as a Hill Orc Fighter on June 12, 2019.
             Was the Champion of Qazlal.
             Annihilated by an enormous slime creature (59 damage)
             ... on level 13 of the Dungeon.
             The game lasted 00:29:33 (10784 turns).

kaze the Severer (Hill Orc Fighter)                Turns: 10784, Time: 00:29:34

Health: -35/129    AC: 26    Str: 24    XL:     13   Next: 73%
Magic:  13/13      EV: 12    Int:  8    God:    Qazlal [******]
Gold:   1905       SH:  8    Dex: 12    Spells: 12/12 levels left

rFire    + . .     SeeInvis +   b - +3 executioner's axe of Meonais {holy, rPois MR+ SInv}
rCold    . . .     Gourm    .   (shield currently unavailable)
rNeg     . . .     Faith    .   i - +5 scale mail {rC+}
rPois    +         Spirit   .   I - +2 helmet
rElec    .         Reflect  .   h - +1 cloak
rCorr    .         Harm     .   J - +3 pair of gauntlets of War {Slay+5}
MR       +....     Clarity  +   (no boots)
Stlth    +.........             H - amulet of regeneration
HPRegen  0.71/turn              q - ring of fire
MPRegen  0.13/turn              j - ring of see invisible

@: protected from physical damage, no scrolls, repel missiles
A: thin skeletal structure 1, clarity, sense surroundings 1, robust 1, inability
to read while threatened
a: Upheaval, Elemental Force, Disaster Area, Renounce Religion


You were on level 13 of the Dungeon.
You worshipped Qazlal.
Qazlal was exalted by your worship.
You were not hungry.

You visited 2 branches of the dungeon, and saw 14 of its levels.
You also visited: Ossuary and Ice Cave.

You collected 2058 gold pieces.
You spent 153 gold pieces at shops.

Inventory:

Hand Weapons
 b - the +3 executioner's axe of Meonais (weapon) {holy, rPois MR+ SInv}
   (You acquired it on level 7 of the Dungeon)

   It has been blessed by the Shining One to cause great damage to the undead
   and demons.
   It protects you from poison.
   It affects your resistance to hostile enchantments.
   It lets you see invisible.
Armour
 h - a +1 cloak (worn)
 i - a +5 scale mail of cold resistance (worn)
 u - a +2 scale mail of fire resistance
 I - a +2 helmet (worn)
 J - the +3 pair of gauntlets of War (worn) {Slay+5}
   (You found it on level 7 of the Dungeon)

   It affects your accuracy and damage with ranged weapons and melee attacks
   (+5).
Jewellery
 d - a cursed ring of teleportation {unknown}
 j - a ring of see invisible (right hand)
 q - a ring of fire (left hand)
 y - an uncursed ring of poison resistance {unknown}
 C - the ring "Xurul" {rCorr Str+2 Int+4 Dex+6}
   (You took it off an ogre mage on level 12 of the Dungeon)

   [ring of resist corrosion]

   It affects your strength (+2).
   It affects your intelligence (+4).
   It affects your dexterity (+6).
 F - a cursed amulet of inaccuracy {unknown}
 H - an amulet of regeneration (around neck)
Wands
 c - a wand of flame (17)
 o - a wand of paralysis (6)
 t - a wand of disintegration (11)
 L - a wand of acid (10)
Scrolls
 a - 4 scrolls of amnesia
 p - 10 scrolls of teleportation
 r - 3 scrolls of fog
 w - 2 scrolls of identify
 x - a scroll of enchant weapon {unknown}
 z - 2 scrolls of blinking {unknown}
 B - a scroll of summoning
 D - 7 scrolls of magic mapping
 E - 6 scrolls of remove curse
 G - a scroll of brand weapon {unknown}
 K - a scroll of vulnerability {unknown}
Potions
 e - 8 potions of curing
 g - 2 potions of cancellation
 k - 4 potions of flight
 l - 2 potions of brilliance
 m - a potion of agility {unknown}
 n - 3 potions of resistance
 s - a potion of haste
 v - 3 potions of heal wounds
 A - a potion of berserk rage
Comestibles
 f - 29 rations


   Skills:
 + Level 12.1 Fighting
 + Level 20.3 Axes
 + Level 8.9 Armour
 + Level 4.9 Dodging
 + Level 2.0 Stealth
   Level 8.3 Shields


You had 12 spell levels left.
You didn't know any spells.
Your spell library contained the following spells:

 Spells                   Type           Power        Failure   Level  Hunger
 Confusing Touch          Hex            #.....       67%         1    ##.....
 Confuse                  Hex            #.......     95%         3    ####...
 Gell's Gravitas          Tloc           #.........   95%         3    ####...
 Petrify                  Tmut/Erth      #.......     100%        4    #####..
 Bolt of Magma            Conj/Fire/Erth #.........   100%        5    ######.
 Iskenderun's Battlesphe  Conj/Chrm      #.......     100%        5    ######.
 Metabolic Englaciation   Hex/Ice        #.........   100%        5    ######.
 Venom Bolt               Conj/Pois      #.........   100%        5    ######.
 Yara's Violent Unravell  Hex/Tmut       #.........   100%        5    ######.
 Iron Shot                Conj/Erth      #.........   100%        6    #######
 Orb of Destruction       Conj           #.........   100%        7    #######
 Spellforged Servitor     Conj/Summ      #.........   100%        7    #######


Dungeon Overview and Level Annotations

Branches:
Dungeon (13/15)            Temple (1/1) D:7            Lair (0/6) D:10
    Orc (0/2) D:12
 Vaults: D:13-14

Altars:
Ashenzari
Cheibriados
Elyvilon
Fedhas
Gozag
Makhleb
Nemelex Xobeh
Qazlal
Ru
Trog
Vehumet
Wu Jian
Xom
Zin
The Shining One
Beogh

Shops:
D:5 (   D:6 *:*   D:7 :   D:10 =   D:11 !


Innate Abilities, Weirdness & Mutations

You cannot read scrolls while threatened.
You have a somewhat thin skeletal structure. (Dex +2, Stealth)
You possess an exceptional clarity of mind.
You passively map a small area around you.
You are robust. (+10% HP)


Message History

Unknown command.
You are too injured to fight recklessly!
Unknown command.
You are too injured to fight recklessly!
Unknown command.
You are too injured to fight recklessly!
Unknown command.
You are too injured to fight recklessly!
Unknown command.
You are too injured to fight recklessly!
You feel much better. The enormous slime creature hits you!!!
You feel threatened and lose the ability to read scrolls!
* * * LOW HITPOINT WARNING * * *
You slice the enormous slime creature!!
The enormous slime creature is severely wounded.
The enormous slime creature closely misses you.
You slash the enormous slime creature!
The enormous slime creature is severely wounded.
The enormous slime creature hits you!!!
You die...

#####** #... ,
##############.#
*
#..............#
*
#.###.##.#####.#
,, #.###.####
#@# * #.......#
, #J# *
###.....#, , ☼§.
, #.....# ,#..##
* #.....#, ....
* #.....# *##.##
* , #.....# ..
,, #.....# *## ,
* #####.#### * *


You could see an enormous slime creature.

Vanquished Creatures
  Kirke (D:13)
  Erolcha (D:13)
  Harold (D:11)
  3 two-headed ogres
  3 centaur warriors
  An ogre mage (D:12)
  An unseen horror (D:11)
  The ghost of TrebMcFLY the Chopper, a novice DDFi of Makhleb (D:7)
  A wizard (D:12)
  Pikel (D:7)
  A necromancer (IceCv)
  2 deep elf magi (D:12)
  An ugly thing (D:12)
  A cyclops (D:12)
  A manticore (D:12)
  3 ice statues (IceCv)
  3 centaur zombies
  Maurice (D:9)
  Joseph (D:9)
  A guardian serpent (shapeshifter) (D:12)
  3 gargoyles
  2 efreet
  8 ice devils (IceCv)
  3 trolls
  A slime creature (D:12)
  6 hippogriffs
  Sigmund (D:6)
  A centaur simulacrum (D:11)
  A water elemental (D:11)
  A wraith (D:12)
  A shadow (D:13)
  2 wyverns (D:9)
  4 hogs (D:13)
  A basilisk (D:12)
  19 yaks (D:11)
  3 vampire mosquitoes (D:12)
  2 hungry ghosts
  Edmund (D:4)
  Duvessa (D:4)
  A water moccasin (D:11)
  7 orc warriors
  11 ice beasts
  2 sky beasts
  3 phantoms
  A black bear (D:12)
  A necrophage (D:10)
  A slave (D:7)
  8 ogres
  7 wolves
  10 centaurs
  4 big kobolds
  Blork the orc (D:4)
  4 bullfrogs
  2 wyvern zombies
  Dowan (D:4)
  5 killer bees
  8 wights
  3 electric eels
  6 howler monkeys
  7 crimson imps
  2 jellies
  9 orc priests
  10 hounds
  2 bullfrog skeletons
  4 centaur skeletons
  Ijyb (D:3)
  6 iguanas
  4 orc wizards
  Natasha (D:4)
  2 troll simulacra (IceCv)
  14 worker ants
  A spriggan simulacrum (IceCv)
  A killer bee zombie (D:9)
  3 bullfrog simulacra (D:11)
  2 hound zombies (D:11)
  4 hound skeletons
  3 mummies (Ossuary)
  5 naga simulacra (IceCv)
  3 gnolls (D:2)
  2 ogre simulacra (IceCv)
  13 adders
  4 shadow imps
  3 white imps (D:11)
  2 worker ant simulacra (D:11)
  3 ufetubi (D:11)
  2 oozes (D:2)
  4 adder zombies (Ossuary)
  4 worms
  2 leopard geckos
  48 orcs
  A ball python (D:1)
  5 bats
  5 giant cockroaches
  8 goblins
  5 hobgoblins
  22 jackals
  9 quokkas
  5 frilled lizards
  2 goblin zombies (Ossuary)
  2 hobgoblin zombies (Ossuary)
  16 kobolds
  3 kobold zombies (Ossuary)
  A quokka skeleton (D:8)
  A quokka zombie (Ossuary)
  9 rats
  6 rat zombies (Ossuary)
447 creatures vanquished.

Vanquished Creatures (others)
  A yaktaur (D:12)
  A wyvern (D:10)
  A slave (D:7)
  A worker ant (D:7)
4 creatures vanquished.

Grand Total: 451 creatures vanquished

Notes
Turn   | Place    | Note
-------+----------+-------------------------------------------
     0 | D:1      | kaze the Hill Orc Fighter began the quest for the Orb.
     0 | D:1      | Reached XP level 1. HP: 19/19 MP: 1/1
   242 | D:1      | Reached XP level 2. HP: 27/27 MP: 2/2
   243 | D:1      | Reached skill level 3 in Axes
   383 | D:1      | You fall through a shaft!
   473 | D:2      | Found a sparkling altar of Nemelex Xobeh.
   758 | D:2      | Reached XP level 3. HP: 30/33 MP: 3/3
   760 | D:2      | Noticed a bullfrog
   770 | D:2      | Killed a bullfrog
   770 | D:2      | Reached skill level 4 in Axes
   770 | D:2      | Reached XP level 4. HP: 24/40 MP: 4/4
   827 | D:2      | Reached XP level 5. HP: 8/46 MP: 5/5
  1338 | D:3      | Noticed Ijyb
  1342 | D:3      | Killed Ijyb
  1342 | D:3      | Reached skill level 5 in Shields
  1642 | D:3      | Reached skill level 5 in Axes
  1642 | D:3      | Reached XP level 6. HP: 46/52 MP: 6/6
  2254 | D:3      | Gained mutation: You have a somewhat thin skeletal
                  | structure. (Dex +2, Stealth) [potion of mutation]
  2254 | D:3      | Gained mutation: You have a pair of small horns on your
                  | head. [potion of mutation]
  2254 | D:3      | Gained mutation: You are agile. (Dex +2) [potion of
                  | mutation]
  2255 | D:3      | Lost mutation: You have a pair of small horns on your head.
                  | [potion of mutation]
  2255 | D:3      | Lost mutation: You are agile. (Dex +2) [potion of mutation]
  2255 | D:3      | Gained mutation: You have sharp toenails. [potion of
                  | mutation]
  2255 | D:3      | Gained mutation: You have a moderately thin skeletal
                  | structure. (Dex +4, Stealth+) [potion of mutation]
  2255 | D:3      | Gained mutation: You have razor-sharp toenails. [potion of
                  | mutation]
  2255 | D:3      | Gained mutation: You passively map a small area around you.
                  | [potion of mutation]
  2273 | D:4      | Noticed Edmund
  2285 | D:4      | Killed Edmund
  2285 | D:4      | Reached skill level 6 in Axes
  2285 | D:4      | Reached skill level 1 in Dodging
  2312 | D:4      | Reached XP level 7. HP: 44/60 MP: 7/7
  2514 | D:4      | Noticed Dowan
  2514 | D:4      | Noticed Duvessa
  2523 | D:4      | Killed Dowan
  2523 | D:4      | Reached skill level 7 in Axes
  2527 | D:4      | Killed Duvessa
  2729 | D:4      | Found a sacrificial altar of Ru.
  2746 | D:4      | Became a worshipper of Ru the Awakened
  2867 | D:4      | Noticed Blork the orc
  2872 | D:4      | Killed Blork the orc
  2872 | D:4      | Reached skill level 8 in Axes
  2889 | D:4      | Noticed Natasha
  2899 | D:4      | Killed Natasha
  3009 | D:5      | Entered Level 5 of the Dungeon
  3038 | D:5      | Reached XP level 8. HP: 59/67 MP: 8/8
  3194 | D:5      | Found Pulothroi's Antique Weapon Emporium.
  3371 | D:5      | Reached skill level 5 in Fighting
  3371 | D:5      | Reached skill level 9 in Axes
  3405 | D:5      | Found a sand-covered staircase.
  3410 | Ossuary  | Entered an ossuary
  3515 | Ossuary  | Gained mutation: You cannot read scrolls while threatened.
                  | [Ru sacrifice]
  3515 | Ossuary  | Reached * piety under Ru
  4434 | D:6      | Found Cinot's Book Shoppe.
  4491 | D:6      | Noticed Sigmund
  4501 | D:6      | Killed Sigmund
  4627 | D:6      | Found Kiwn's Assorted Antiques.
  4631 | D:6      | Bought a scroll labeled FIUSSE LIETI for 34 gold pieces
  4631 | D:6      | Bought a scroll labeled BOMMAALYTI for 34 gold pieces
  4657 | D:6      | Reached skill level 10 in Axes
  4705 | D:6      | Found a glowing silver altar of Zin.
  4710 | D:6      | Found Dihapt's General Store.
  5155 | D:7      | Found a staircase to the Ecumenical Temple.
  5163 | D:7      | Reached skill level 5 in Armour
  5172 | D:7      | Reached skill level 1 in Stealth
  5172 | D:7      | Reached XP level 9. HP: 75/75 MP: 9/9
  5196 | Temple   | Entered the Ecumenical Temple
  5220 | Temple   | Fell from the grace of Ru
  5220 | Temple   | Became a worshipper of Qazlal Stormbringer
  5251 | D:7      | Noticed Pikel
  5268 | D:7      | Killed Pikel
  5268 | D:7      | Reached skill level 11 in Axes
  5581 | D:7      | Found Comiajed's Book Shoppe.
  5604 | D:7      | Noticed a two-headed ogre
  5615 | D:7      | Killed a two-headed ogre
  5615 | D:7      | Reached skill level 12 in Axes
  6035 | D:7      | Found a runed translucent gate.
  6035 | D:7      | Found a runed translucent gate.
  6035 | D:7      | Found a runed translucent gate.
  6036 | D:7      | Noticed TrebMcFLY's ghost (novice DDFi)
  6039 | D:7      | Identified the cursed +3 scimitar of Conscience {drain,
                  | MP+9}
  6040 | D:7      | Found the +3 pair of gauntlets of War {Slay+5}
  6040 | D:7      | Found a roughly hewn altar of Beogh.
  6098 | D:7      | Killed TrebMcFLY's ghost
  6098 | D:7      | Reached XP level 10. HP: 40/84 MP: 10/10
  6196 | D:7      | Got a sapphire executioner's axe
  6205 | D:7      | Identified the +3 executioner's axe of Meonais {holy, rPois
                  | MR+ SInv} (You acquired it on level 7 of the Dungeon)
  6353 | D:8      | Found a white marble altar of Elyvilon.
  6414 | D:8      | Reached * piety under Qazlal
  6660 | D:8      | Reached skill level 13 in Axes
  6899 | D:9      | Noticed Joseph
  6907 | D:9      | Killed Joseph
  7027 | D:9      | Noticed a centaur warrior
  7035 | D:9      | Killed a centaur warrior
  7037 | D:9      | Reached skill level 14 in Axes
  7119 | D:9      | Reached ** piety under Qazlal
  7156 | D:9      | Reached XP level 11. HP: 92/94 MP: 11/11
  7290 | D:9      | Lost mutation: You have razor-sharp toenails. [potion of
                  | mutation]
  7290 | D:9      | Lost mutation: You have sharp toenails. [potion of
                  | mutation]
  7290 | D:9      | Lost mutation: You have a moderately thin skeletal
                  | structure. (Dex +4, Stealth+) [potion of mutation]
  7290 | D:9      | Gained mutation: You possess an exceptional clarity of
                  | mind. [potion of mutation]
  7290 | D:9      | Gained mutation: You are robust. (+10% HP) [potion of
                  | mutation]
  7354 | D:9      | Found a blossoming altar of Fedhas.
  7434 | D:9      | Noticed Maurice
  7444 | D:9      | Killed Maurice
  7449 | D:9      | Found a glowing golden altar of the Shining One.
  7874 | D:10     | Entered Level 10 of the Dungeon
  7979 | D:10     | Found Uherch's Jewellery Boutique.
  7987 | D:10     | Reached skill level 15 in Axes
  8044 | D:10     | Found a staircase to the Lair.
  8610 | D:11     | Reached *** piety under Qazlal
  8701 | D:11     | Noticed a two-headed ogre
  8711 | D:11     | Killed a two-headed ogre
  8711 | D:11     | Reached skill level 16 in Axes
  8847 | D:11     | Reached **** piety under Qazlal
  8883 | D:11     | Reached XP level 12. HP: 108/116 MP: 12/12
  8902 | D:11     | Reached skill level 10 in Fighting
  8912 | D:11     | Noticed Harold
  8920 | D:11     | Killed Harold
  8920 | D:11     | Reached skill level 17 in Axes
  8951 | D:11     | Reached ***** piety under Qazlal
  9050 | D:11     | Found a frozen archway.
  9064 | IceCv    | Entered an ice cave
  9148 | IceCv    | Reached skill level 18 in Axes
  9673 | D:11     | Found Dixtaiz's Distillery.
  9678 | D:11     | Bought a potion of heal wounds for 85 gold pieces
  9840 | D:12     | Identified the ring "Xurul" {rCorr Str+2 Int+4 Dex+6}
  9840 | D:12     | Noticed an ogre mage
  9847 | D:12     | Noticed a centaur warrior
  9851 | D:12     | Reached XP level 13. HP: 98/127 MP: 13/13
  9855 | D:12     | Reached skill level 19 in Axes
 10188 | D:12     | Found a staircase to the Orcish Mines.
 10706 | D:13     | Noticed Kirke
 10710 | D:13     | Reached skill level 20 in Axes
 10716 | D:13     | Reached ****** piety under Qazlal
 10722 | D:13     | Killed Kirke
 10732 | D:13     | Noticed Erolcha
 10736 | D:13     | Killed Erolcha
 10784 | D:13     | Annihilated by an enormous slime creature

Skill      XL: |  1  2  3  4  5  6  7  8  9 10 11 12 13 |
---------------+----------------------------------------+-----
Axes           | 3 4 5 6 8 10 12 14 16 18 20 | 20.3
Fighting       | 4 5 6 8 9 11 12 | 12.1
Shields        | 4 5 6 8 |  8.3
Dodging        | 1 2 3 4 |  4.9
Armour         | 4 5 6 8 |  8.9
Stealth        | 1 2 |  2.0

Action                   |  1- 3 |  4- 6 |  7- 9 | 10-12 | 13-15 || total
-------------------------+-------+-------+-------+-------+-------++-------
Melee: War axe           |   111 |   170 |   274 |     6 |       ||   561
       Kick              |       |     7 |    90 |    24 |       ||   121
       Executioner's axe |       |       |       |   420 |   148 ||   568
Invok: Sacrifice Words   |       |       |     1 |       |       ||     1
  Use: Potion            |       |     4 |     2 |     8 |     2 ||    16
       Scroll            |       |     7 |     3 |    17 |       ||    27
 Stab: Distracted        |       |       |     1 |       |       ||     1
  Eat: Chunk             |       |     5 |     4 |     7 |     3 ||    19
       Ration            |       |       |     2 |     2 |     1 ||     5
Armor: Scale mail        |    59 |    71 |    96 |   216 |    62 ||   504
Dodge: Dodged            |    51 |    50 |    69 |   229 |    66 ||   465
       Deflected         |       |       |       |     7 |     1 ||     8
Block: Shield            |    77 |   104 |   150 |     3 |       ||   334
       Other             |       |       |       |    71 |    48 ||   119
